 Dungeon Crawl Stone Soup version 0.24.0-13-gcf9b319 (webtiles) character file.

Game seed: 17740047711610904503, levelgen mode: deterministic

7432 silenth the Reanimator (level 10, -2/77 HPs)
             Began as a Mummy Necromancer on Jan 4, 2020.
             Was a Follower of Ashenzari.
             Slain by a slime creature (11 damage)
             ... on level 9 of the Dungeon.
             The game lasted 00:17:31 (11344 turns).

silenth the Reanimator (Mummy Necromancer)         Turns: 11344, Time: 00:17:32

Health: -2/77      AC: 14    Str: 11    XL:     10   Next: 93%
Magic:  6/23       EV: 12    Int: 17    God:    Ashenzari [*.....]
Gold:   620        SH:  5    Dex: 18    Spells: 18/27 levels left

rFire    . . .     SeeInvis +   g - +3 dagger (freeze) (curse)
rCold    + . .     Gourm    .   m - +0 buckler (curse)
rNeg     + + +     Faith    .   o - +2 ring mail "Hauh Qosenk" {+Blink Dex+4} (curse)
rPois    ∞         Spirit   .   h - +2 helmet (curse)
rElec    .         Reflect  .   l - +2 cloak (curse)
rCorr    .         Harm     .   (no gloves)
MR       +....                  (no boots)
Stlth    ++........             (no amulet)
HPRegen  0.22/turn              y - ring of see invisible
MPRegen  0.18/turn              q - ring of protection from fire (curse)

@: no status effects
A: no food or potions, fire vulnerability, cold resistance 1, negative energy
resistance 3, torment resistance, unbreathing
a: Curse Item, Scrying, Renounce Religion, Evoke Blink


You were on level 9 of the Dungeon.
You worshipped Ashenzari.
Ashenzari was aware of your devotion.
You were not hungry.

You visited 2 branches of the dungeon, and saw 11 of its levels.
You also visited: Bailey.

You collected 620 gold pieces.

Inventory:

Hand Weapons
 c - a +0 dagger of venom
 d - a +0 morningstar
 g - a cursed +3 dagger of freezing (weapon)
 v - a +2 dagger of draining
 w - a +2 dagger of electrocution
 C - the +5 broad axe of Exquisite Torment {speed, rElec MP-9 Dex+9}
   (You found it in a bailey)

   Attacks with this weapon are significantly faster.
   It affects your dexterity (+9).
   It insulates you from electricity.
   It affects your magic capacity (-9).
 E - a +0 broad axe
Missiles
 A - a throwing net (quivered)
Armour
 a - a +0 robe
 h - a cursed +2 helmet (worn)
 l - a cursed +2 cloak (worn)
 m - a cursed +0 buckler (worn)
 o - the cursed +2 ring mail "Hauh Qosenk" (worn) {+Blink Dex+4}
   (You found it on level 5 of the Dungeon)

   It affects your dexterity (+4).
   It lets you blink.
   It has a curse placed upon it.
 B - the +4 ring mail of the Depths {*Corrode rPois rF+ Regen+}
   (You found it on level 9 of the Dungeon)

   It protects you from fire.
   It protects you from poison.
   It increases your rate of regeneration.
   It may corrode you when you take damage.
 D - a +1 crystal plate armour
Magical Staves
 x - a cursed staff of death
Jewellery
 j - an uncursed ring of flight
 q - a cursed ring of protection from fire (right hand)
 y - a ring of see invisible (left hand)
 z - a +6 ring of intelligence
Wands
 b - a wand of digging (20)
 e - a wand of disintegration (11)
 p - a wand of iceblast (1)
 u - a wand of polymorph (6)
Scrolls
 f - a scroll of blinking
 i - 5 scrolls of identify
 k - 8 scrolls of enchant weapon
 n - a scroll of immolation
 r - a scroll of remove curse
 s - 3 scrolls of fear
 t - 4 scrolls of teleportation


   Skills:
 + Level 6.5 Fighting
 + Level 4.2 Armour
 + Level 3.4 Dodging
 + Level 3.7 Stealth
 - Level 4.0 Shields
 + Level 9.2 Spellcasting
 - Level 10.3 Necromancy
 + Level 2.8 Evocations


You had 18 spell levels left.
You knew the following spells:

 Your Spells              Type           Power        Failure   Level  Hunger
a - Pain                  Necr           ####         1%          1    N/A
b - Animate Skeleton      Necr           N/A          1%          1    N/A
c - Vampiric Draining     Necr           #####.....   1%          3    N/A
d - Animate Dead          Necr           N/A          2%          4    N/A

Your spell library contained the following spells:

 Spells                   Type           Power        Failure   Level  Hunger
 Flame Tongue             Conj/Fire      #....        21%         1    N/A
 Regeneration             Chrm/Necr      Unusable     N/A         3    N/A

Dungeon Overview and Level Annotations

Branches:
Dungeon (10/15)            Temple (1/1) D:7            Lair (0/6) D:10
 Bailey (visited)
    Orc: D:9-12

Altars:
Ashenzari
Cheibriados
Dithmenos
Elyvilon
Fedhas
Gozag
Hepliaklqana
Kikubaaqudgha
Makhleb
Nemelex Xobeh
Okawaru
Qazlal
Ru
Sif Muna
Trog
Uskayaw
Vehumet
Wu Jian
Xom
Yredelemnul
Zin
The Shining One
Lugonu


Innate Abilities, Weirdness & Mutations

You do not eat or drink.
Your flesh is vulnerable to fire.
You are immune to poison.
Your flesh is cold resistant. (rC+)
You are immune to negative energy. (rN+++)
You are immune to unholy pain and torment.
You can survive without breathing.


Message History

You see here 7 boomerangs.
The scorpion stings you but does no damage.
The scorpion stings you but does no damage.
The scorpion stings you.
* * * LOW HITPOINT WARNING * * *
Found a stone staircase leading down.
There is a stone staircase leading up here.
The scorpion stings you.
* * * LOW HITPOINT WARNING * * *
You climb upwards.
The slime creature quivers. x3
There is a stone staircase leading down here.
Casting: Vampiric Draining (safe; 1% risk of failure)
Confirm with . or Enter, or press ? or * to list all spells.
Aiming: Vampiric Draining (safe; 1% risk of failure)
Press: ? - help, Shift-Dir - straight line, f - slime creature
Aim: a slime creature The slime creature is lightly wounded.
You feel life coursing into your body. The slime creature hits you!
You die...

#.#####.### #.# #....†##
#.#{{.#.# #.# #.###### #.#...#.#
#Z# #.# # ##.#####.# #.# #.# #
#........##### #.## #.# #
#............# #J.# #.# #
#.....#......# ##.# #.# #
##.#..#####..#######.# #.# #
####.#..# #...@J.J...###.# #
..#.....#####..s#####.#.##.######
>..........##...##...###.....).(.
#.#.......Z.....##.##Z#.###.#####
#.##.#.###.#....##.###.## #.#
#.##.............#.###.# #.#
#.##.####.#...#........# #.#
}....<...###.....#####.####.#
#########Z#..##.............#


You could see 2 slime creatures and a scorpion.

Vanquished Creatures
  A two-headed ogre (D:9)
  A death yak (D:10)
  Pikel (D:3)
  An orc knight (Bailey)
  Grinder (D:5)
  A slime creature (D:9)
  4 hippogriffs
  Grum (D:8)
  7 orc warriors
  A water moccasin (D:9)
  A slave (D:3)
  3 phantoms
  2 sky beasts (D:9)
  A necrophage (D:7)
  2 ogres
  3 centaurs
  4 wolves (D:8)
  Blork the orc (D:5)
  A big kobold (D:8)
  5 bullfrogs
  A water moccasin zombie (D:7)
  3 scorpions
  2 wights (D:8)
  A howler monkey (D:9)
  A centaur zombie (D:7)
  A jelly (D:6)
  3 hounds
  11 orc wizards
  An orc priest (D:10)
  Ijyb (D:3)
  4 iguanas
  Natasha (D:2)
  3 worker ants
  Robin (D:3)
  3 gnolls (Bailey)
  6 adders
  A howler monkey skeleton (D:4)
  4 shadow imps
  An ooze (D:6)
  An adder zombie (D:5)
  An adder skeleton (D:7)
  3 worms
  2 dart slugs
  7 leopard geckos
  30 orcs
  5 giant cockroaches
  15 goblins
  10 hobgoblins
  9 jackals
  32 kobolds
  5 quokkas
  3 ball pythons
  8 bats
  7 frilled lizards
  3 quokka skeletons
  A quokka zombie (D:9)
  10 rats
243 creatures vanquished.

Vanquished Creatures (collateral kills)
  An ogre (D:5)
  3 wights (D:8)
  A bullfrog zombie (D:9)
  A centaur zombie (D:5)
  2 orcs
  2 goblins
  A hobgoblin (D:1)
  A quokka (D:10)
  A rat (D:1)
13 creatures vanquished.

Vanquished Creatures (others)
  5 dream sheep (D:3)
5 creatures vanquished.

Grand Total: 261 creatures vanquished

Notes
Turn   | Place    | Note
-------+----------+-------------------------------------------
     0 | D:1      | silenth the Mummy Necromancer began the quest for the Orb.
     0 | D:1      | Reached XP level 1. HP: 13/13 MP: 4/4
     2 | D:1      | Learned a level 1 spell: Animate Skeleton
   321 | D:1      | Reached skill level 3 in Spellcasting
   331 | D:1      | Reached XP level 2. HP: 12/19 MP: 1/6
  1139 | D:2      | Found a shadowy altar of Dithmenos.
  1276 | D:2      | Reached XP level 3. HP: 24/24 MP: 5/7
  1281 | D:2      | Learned a level 3 spell: Vampiric Draining
  1541 | D:2      | Found a snail-covered altar of Cheibriados.
  1597 | D:2      | Reached skill level 5 in Necromancy
  1953 | D:2      | Reached XP level 4. HP: 30/30 MP: 7/9
  2090 | D:2      | Noticed Natasha
  2100 | D:2      | Killed Natasha
  2209 | D:2      | Reached skill level 4 in Spellcasting
  2401 | D:3      | Noticed Ijyb
  2409 | D:3      | Killed Ijyb
  2509 | D:3      | Reached XP level 5. HP: 20/35 MP: 1/11
  2746 | D:3      | Learned a level 4 spell: Animate Dead
  2775 | D:3      | Found an opulent altar of Gozag.
  3114 | D:3      | Noticed Robin
  3132 | D:3      | Killed Robin
  3303 | D:3      | Reached skill level 6 in Necromancy
  3360 | D:3      | You fall into a shaft and drop 2 floors!
  3360 | D:5      | Entered Level 5 of the Dungeon
  3501 | D:5      | Noticed Blork the orc
  3513 | D:5      | Killed Blork the orc
  3513 | D:5      | Reached XP level 6. HP: 29/42 MP: 5/13
  3637 | D:4      | Reached skill level 1 in Fighting
  3637 | D:4      | Reached skill level 5 in Spellcasting
  3760 | D:4      | Noticed a slave
  3760 | D:4      | Noticed a slave
  3761 | D:4      | Noticed Pikel
  3762 | D:4      | Noticed a slave
  3779 | D:3      | Found a bloodstained altar of Trog.
  3885 | D:3      | Noticed a dream sheep
  3885 | D:3      | Noticed a dream sheep
  3885 | D:3      | Noticed a dream sheep
  3885 | D:3      | Noticed a dream sheep
  3885 | D:3      | Noticed a dream sheep
  3885 | D:3      | Found a shimmering altar of Xom.
  3890 | D:3      | Killed a dream sheep
  3890 | D:3      | Killed a dream sheep
  3890 | D:3      | Killed a dream sheep
  3890 | D:3      | Killed a dream sheep
  3892 | D:3      | Killed a dream sheep
  3986 | D:4      | Noticed a slave
  4021 | D:3      | Killed a slave
  4267 | D:4      | Found a sparkling altar of Nemelex Xobeh.
  4284 | D:4      | Found a burning altar of Makhleb.
  4521 | D:3      | Killed Pikel
  4521 | D:3      | Reached skill level 3 in Fighting
  4521 | D:3      | Reached skill level 6 in Spellcasting
  4521 | D:3      | Reached skill level 7 in Necromancy
  4521 | D:3      | Reached XP level 7. HP: 20/52 MP: 0/16
  4768 | D:4      | Reached skill level 8 in Necromancy
  4861 | D:4      | Reached XP level 8. HP: 31/58 MP: 10/17
  5057 | D:5      | Noticed Grinder
  5446 | D:5      | Reached skill level 1 in Shields
  5495 | D:5      | Got a jewelled ring mail
  5506 | D:5      | Identified the +2 ring mail "Hauh Qosenk" {+Blink Dex+4}
                  | (You found it on level 5 of the Dungeon)
  5885 | D:5      | Paralysed by Grinder for 4 turns
  5889 | D:5      | Killed Grinder
  5889 | D:5      | Reached skill level 1 in Armour
  6025 | D:5      | Reached skill level 4 in Fighting
  6025 | D:5      | Reached skill level 7 in Spellcasting
  6225 | D:5      | Reached skill level 2 in Shields
  6342 | D:6      | Reached skill level 9 in Necromancy
  6837 | D:7      | Reached XP level 9. HP: 62/66 MP: 19/19
  6946 | D:7      | Reached skill level 2 in Armour
  7072 | D:7      | Found a staircase to the Ecumenical Temple.
  7128 | Temple   | Entered the Ecumenical Temple
  7196 | Temple   | Became a worshipper of Ashenzari the Shackled
  7271 | D:7      | Found a shimmering blue altar of Sif Muna.
  7301 | D:7      | Identified Sif Muna's Reference Book on Arcane Weapons
  7523 | D:7      | Found an ancient bone altar of Kikubaaqudgha.
  7920 | D:8      | Reached skill level 5 in Fighting
  7920 | D:8      | Reached skill level 3 in Shields
  8276 | D:8      | Reached skill level 8 in Spellcasting
  8276 | D:8      | Reached skill level 10 in Necromancy
  8585 | D:8      | Found an ornate altar of the Wu Jian Council.
  8665 | D:8      | Noticed Grum
  8667 | D:8      | Reached skill level 3 in Armour
  8676 | D:8      | Killed Grum
  8676 | D:8      | Reached skill level 2 in Stealth
  8715 | D:8      | Reached skill level 2 in Dodging
  8726 | D:8      | Reached skill level 1 in Evocations
  8726 | D:8      | Reached XP level 10. HP: 37/74 MP: 5/22
  8948 | D:8      | Reached * piety under Ashenzari
  9031 | D:8      | Found a faded altar of an unknown god.
  9031 | D:8      | Found a basalt altar of Yredelemnul.
  9036 | D:8      | Found a hazy altar of Hepliaklqana.
  9038 | D:8      | Found a faded altar of an unknown god.
  9042 | D:8      | Found a blossoming altar of Fedhas.
  9625 | D:9      | Noticed a +0 dagger
  9626 | D:9      | Found a hide-covered altar of Uskayaw.
  9626 | D:9      | Noticed a +0 dagger
  9863 | D:9      | Noticed a two-headed ogre
  9876 | D:9      | Killed a two-headed ogre
  9975 | D:9      | Found a white marble altar of Elyvilon.
 10054 | D:9      | Found a sacrificial altar of Ru.
 10295 | D:9      | Identified the +4 ring mail of the Depths {*Corrode rPois
                  | rF+ Regen+}
 10553 | D:10     | Entered Level 10 of the Dungeon
 10569 | D:10     | Reached skill level 4 in Shields
 10569 | D:10     | Reached skill level 2 in Evocations
 10610 | D:10     | Found a flagged portal.
 10619 | Bailey   | Entered a bailey
 10749 | Bailey   | Reached skill level 6 in Fighting
 10755 | Bailey   | Reached skill level 3 in Stealth
 10856 | Bailey   | Noticed an orc knight
 10862 | Bailey   | Killed an orc knight
 10862 | Bailey   | Reached skill level 3 in Dodging
 10862 | Bailey   | Reached skill level 9 in Spellcasting
 10881 | Bailey   | Identified the +5 broad axe of Exquisite Torment {speed,
                  | rElec MP-9 Dex+9}
 10954 | D:10     | Reached skill level 4 in Armour
 11275 | D:10     | Noticed a death yak
 11277 | D:10     | Found a staircase to the Lair.
 11277 | D:10     | Noticed a death yak
 11279 | D:10     | Noticed a death yak
 11301 | D:10     | Killed a death yak
 11342 | D:10     | HP: 5/77 [scorpion (5)]
 11344 | D:9      | Slain by a slime creature

Levels and vault maps discovered:
D:1:      dpeg_arrival_rhombus, layout_loops_cross
D:2:      minmay_chambers_of_ones, layout_loops_ring, lemuel_doored_altar,
          grunt_dithmenos_smoke_and_mirrors, serial_rivers,
          chequers_serial_rivers_micro_b, chequers_serial_rivers_marsh,
          chequers_serial_rivers_large_b, chequers_serial_rivers_small_3,
          minmay_pentomino_s2, uniq_natasha
D:3:      layout_basic, nicolae_overflow_crystal_walls, old_standard_altar,
          kb_xom_exploding_sheep, uniq_ijyb, uniq_robin
D:4:      layout_rooms, lemuel_round_altar, lightli_temple_of_fire,
          first_ration, uniq_pikel
D:5:      layout_loops_corners, uniq_blork_the_orc, uniq_grinder
D:6:      layout_cave_pools
D:7:      layout_basic, led_sif_book, kiku_gazebo_pond_becter,
          minmay_temple_entry_wispy
D:8:      layout_loops_ring, overflow_temple_1_default,
          chequers_temple_overflow_minitemple, uniq_grum
D:9:      layout_loops_ring, dancing_weapons_uskayaw, marbit_many_paths,
          nicolae_ru_path_of_blood, grunt_ogre_cave
D:10:     layout_stronghold, dpeg_lair_monsters, enter_bailey_2
Temple:   corrupted_temple

Skill      XL: |  1  2  3  4  5  6  7  8  9 10 |
---------------+-------------------------------+-----
Spellcasting   | 3 4 6 7 8 9 |  9.2
Necromancy     | 5 6 7 8 9 10 | 10.3
Fighting       | 3 4 5 6 |  6.5
Shields        | 2 3 4 |  4.0
Armour         | 1 3 4 |  4.2
Stealth        | 2 3 |  3.7
Dodging        | 2 3 |  3.4
Evocations     | 1 2 |  2.8

Action                   |  1- 3 |  4- 6 |  7- 9 | 10-12 || total
-------------------------+-------+-------+-------+-------++-------
Melee: Unarmed           |    18 |       |       |       ||    18
       Dagger            |    31 |    72 |   323 |   192 ||   618
 Cast: Pain              |    67 |   105 |   134 |    77 ||   383
       Animate Skeleton  |     7 |     3 |     3 |       ||    13
       Vampiric Draining |       |    12 |    16 |    32 ||    60
       Animate Dead      |       |       |     5 |    11 ||    16
Invok: Curse Item        |       |       |     6 |       ||     6
 Abil: Evoke Flight      |       |       |     1 |       ||     1
Evoke: Wand              |       |       |    11 |     5 ||    16
  Use: Scroll            |       |     5 |    10 |     2 ||    17
 Stab: Sleeping          |     1 |     2 |     1 |     1 ||     5
       Distracted        |       |       |     1 |       ||     1
Armor: Robe              |    14 |    15 |     8 |       ||    37
       Ring mail         |       |       |   182 |   146 ||   328
Dodge: Dodged            |    55 |    68 |   181 |   163 ||   467
Block: Buckler           |       |       |    88 |    67 ||   155
